TL
EL PASO CHIHUAHUAS @ ARKANSAS TRAVELERS
05/01/1981
 
TOP OF THE 1ST
El Paso Chihuahuas batting - Pitching for Arkansas Travelers : RHP Vicente Jaurequi
Pitching: RHP Vicente Jaurequi
Batting: LHB Mike Cole 0-0: Foul Ball, location: 2F
0-1: Swinging Strike
0-2: Ball
1-2: Foul Ball, location: 2F
1-2: Ground out 6-3 (Groundball, 6S, EV 83.8 MPH)
Batting: LHB Andy Van Slyke 0-0: Called Strike
0-1: Ball
1-1: Ball
2-1: Ground out 5-3 (Groundball, 5, EV 105.6 MPH)
Batting: RHB Jesse Vann 0-0: Called Strike
0-1: Ball
1-1: Swinging Strike
1-2: Strikes out looking
Top of the 1st over - 0 runs, 0 hits, 0 errors, 0 left on base; El Paso 0 - Arkansas 0
BOTTOM OF THE 1ST
Arkansas Travelers batting - Pitching for El Paso Chihuahuas : LHP Danny Arizola
Pitching: LHP Danny Arizola
Batting: RHB Dennis Seats 0-0: Called Strike
0-1: Called Strike
0-2: Ball
1-2: Strikes out swinging
Batting: RHB Greg Gagne 0-0: Foul Ball, location: 2F
0-1: Ball
1-1: Ball
2-1: Swinging Strike
2-2: Ball
3-2: Strikes out swinging
Batting: LHB Randy Braun 0-0: Called Strike
0-1: Ball
1-1: Swinging Strike
1-2: Ball
2-2: Ball
3-2: Strikes out looking
Bottom of the 1st over - 0 runs, 0 hits, 0 errors, 0 left on base; El Paso 0 - Arkansas 0
TOP OF THE 2ND
El Paso Chihuahuas batting - Pitching for Arkansas Travelers : RHP Vicente Jaurequi
Batting: RHB William Cole 0-0: Called Strike
0-1: Fly out, F4 (Flyball, 34D, EV 96.9 MPH)
Batting: RHB Dick C Schofield 0-0: Ball
1-0: SOLO HOME RUN (Flyball, 78XD, EV 99.4 MPH), Distance : 414 ft
Batting: RHB Steven Murray 0-0: Foul Ball, location: 2F
0-1: Ball
1-1: Ball
2-1: Called Strike
2-2: Foul Ball, location: 2F
2-2: SINGLE (Groundball, 6MD, EV 109.4 MPH)
Batting: LHB Dan Murphy 0-0: Ball
1-0: Ball
2-0: Swinging Strike
2-1: Ball
3-1: Foul Ball, location: 2F
3-2: Strikes out swinging
Steven Murray steals 2nd base
Batter strikes out.
Batting: RHB Darrell Miller 0-0: Ball
1-0: Ball
2-0: Ball
3-0: Base on Balls
Batting: LHB Jerry Littmann 0-0: Swinging Strike
0-1: Ball
1-1: Ball
2-1: Ball
Wild Pitch!
Steven Murray to third
Darrell Miller to second
3-1: Foul Ball, location: 2F
3-2: Foul Ball, location: 2F
3-2: Ground out U3 (Groundball, 34, EV 106.3 MPH)
Top of the 2nd over - 1 run, 2 hits, 0 errors, 2 left on base; El Paso 1 - Arkansas 0
BOTTOM OF THE 2ND
Arkansas Travelers batting - Pitching for El Paso Chihuahuas : LHP Danny Arizola
Batting: LHB Mike Pagliarulo 0-0: Ball
1-0: Foul Ball, location: 2F
1-1: Called Strike
1-2: Ball
2-2: Ball
3-2: Strikes out swinging
Batting: RHB Ronald Grout 0-0: Ball
1-0: Called Strike
1-1: Ball
2-1: Ball
3-1: Swinging Strike
3-2: Foul Ball, location: 2F
3-2: Base on Balls
Batting: SHB Luis Quinones 0-0: Ball
1-0: Ball
2-0: Swinging Strike
2-1: Foul Ball, location: 2F
2-2: Ball
3-2: Strikes out swinging
Batting: RHB Jeff Pyburn 0-0: Ball
1-0: SINGLE (Groundball, 56D, EV 111.3 MPH)
Ronald Grout to second
Batting: RHB Rob Deer 0-0: Ball
1-0: Called Strike
1-1: Ball
2-1: Foul Ball, location: 2F
2-2: Ball
3-2: Strikes out swinging
Bottom of the 2nd over - 0 runs, 1 hit, 0 errors, 2 left on base; El Paso 1 - Arkansas 0
TOP OF THE 3RD
El Paso Chihuahuas batting - Pitching for Arkansas Travelers : RHP Vicente Jaurequi
Batting: LHB Mike Cole 0-0: Ball
1-0: Ball
2-0: Ball
3-0: Called Strike
3-1: Base on Balls
Pitching: RHP Vittore Fachinetti
Batting: LHB Andy Van Slyke 0-0: Ball
1-0: Foul Ball, location: 2F
1-1: Fielders Choice at 2nd, 1-4 (Groundball, 15S, EV 63.1 MPH)
Batting: RHB Jesse Vann 0-0: Ball
Andy Van Slyke is caught stealing 2nd base 2-4
1-0: Fly out, F7 (Flyball, 7LD, EV 98.8 MPH)
Top of the 3rd over - 0 runs, 0 hits, 0 errors, 0 left on base; El Paso 1 - Arkansas 0
BOTTOM OF THE 3RD
Arkansas Travelers batting - Pitching for El Paso Chihuahuas : LHP Danny Arizola
Batting: RHB Dave Van Gorder 0-0: SINGLE (Groundball, 6D, EV 106.9 MPH)
Batting: RHB Dennis Seats 0-0: Ball
1-0: SINGLE (Groundball, 25, EV 61.3 MPH) (infield hit)
Dave Van Gorder to second
Batting: RHB Greg Gagne 0-0: Foul Ball, location: 2F
0-1: Grounds into double play, 5-4-3 (Groundball, 56, EV 106.3 MPH)
Dave Van Gorder to third
Batting: LHB Randy Braun 0-0: Ball
1-0: SINGLE (Groundball, 6M, EV 104.4 MPH) (infield hit)
Dave Van Gorder scores
Batting: LHB Mike Pagliarulo 0-0: Called Strike
0-1: Swinging Strike
0-2: Ball
1-2: Fielders Choice at 2nd, 5-4 (Groundball, 56, EV 86.9 MPH)
Bottom of the 3rd over - 1 run, 3 hits, 0 errors, 1 left on base; El Paso 1 - Arkansas 1
TOP OF THE 4TH
El Paso Chihuahuas batting - Pitching for Arkansas Travelers : RHP Vittore Fachinetti
Batting: RHB William Cole 0-0: Called Strike
0-1: Called Strike
0-2: Foul Ball, location: 2F
0-2: Foul Ball, location: 2F
0-2: Strikes out swinging
Batting: RHB Dick C Schofield 0-0: Foul Ball, location: 2F
0-1: Swinging Strike
0-2: Strikes out looking
Batting: RHB Steven Murray 0-0: Ball
1-0: Called Strike
1-1: Ball
2-1: Called Strike
2-2: Strikes out swinging
Top of the 4th over - 0 runs, 0 hits, 0 errors, 0 left on base; El Paso 1 - Arkansas 1
BOTTOM OF THE 4TH
Arkansas Travelers batting - Pitching for El Paso Chihuahuas : LHP Danny Arizola
Batting: RHB Ronald Grout 0-0: Called Strike
0-1: Foul Ball, location: 2F
0-2: Ball
1-2: Ground out 5-3 (Groundball, 5, EV 80.0 MPH)
Batting: SHB Luis Quinones 0-0: Reached on error, E5 (Groundball, 56S, EV 68.8 MPH)
Batting: RHB Jeff Pyburn 0-0: Ball
1-0: Ground out 4-3 (Groundball, 34, EV 98.8 MPH)
Luis Quinones to second
Batting: RHB Rob Deer 0-0: Ball
1-0: Called Strike
1-1: Called Strike
1-2: Ball
2-2: Strikes out looking
Bottom of the 4th over - 0 runs, 0 hits, 1 error, 1 left on base; El Paso 1 - Arkansas 1
TOP OF THE 5TH
El Paso Chihuahuas batting - Pitching for Arkansas Travelers : RHP Vittore Fachinetti
Batting: LHB Dan Murphy 0-0: Ball
1-0: Ball
2-0: Ball
3-0: Foul Ball, location: 2F
3-1: Foul Ball, location: 2F
3-2: Foul Ball, location: 2F
3-2: Base on Balls
Batting: RHB Darrell Miller 0-0: Bunt missed!
0-1: Sac Bunt to 15 - play at first, batter OUT! 1-4
Dan Murphy to second
Batting: LHB Jerry Littmann 0-0: Ball
1-0: Called Strike
1-1: Ball
2-1: Ball
3-1: Base on Balls
Batting: LHB Mike Cole 0-0: Called Strike
0-1: Called Strike
0-2: Ball
1-2: SINGLE (Groundball, 3D, EV 96.9 MPH)
Dan Murphy to third
Jerry Littmann to second
Runner from 3rd tries for Home, SAFE, no throw by RF
Batting: LHB Andy Van Slyke 0-0: Foul Ball, location: 2F
0-1: Foul Ball, location: 2F
0-2: Foul Ball, location: 2F
0-2: Ball
1-2: Strikes out swinging
Batting: RHB Jesse Vann 0-0: Fly out, F8 (Flyball, 8LM, EV 82.5 MPH)
Top of the 5th over - 1 run, 1 hit, 0 errors, 2 left on base; El Paso 2 - Arkansas 1
BOTTOM OF THE 5TH
Arkansas Travelers batting - Pitching for El Paso Chihuahuas : LHP Danny Arizola
Batting: RHB Dave Van Gorder 0-0: Ball
1-0: Foul Ball, location: 2F
1-1: Ball
2-1: Fly out, F8 (Flyball, 8RD, EV 96.9 MPH)
Batting: RHB Dennis Seats 0-0: Fly out, F5 (Popup, 25, EV 82.5 MPH)
Batting: RHB Greg Gagne 0-0: Ball
1-0: SINGLE (Line Drive, 8LS, EV 103.1 MPH)
Batting: LHB Randy Braun 0-0: Called Strike
0-1: Foul Ball, location: 2F
0-2: Ball
1-2: Strikes out swinging
Bottom of the 5th over - 0 runs, 1 hit, 0 errors, 1 left on base; El Paso 2 - Arkansas 1
TOP OF THE 6TH
El Paso Chihuahuas batting - Pitching for Arkansas Travelers : RHP Vittore Fachinetti
Batting: RHB William Cole 0-0: Ball
1-0: Swinging Strike
1-1: SINGLE (Groundball, 56D, EV 98.1 MPH)
Batting: RHB Dick C Schofield 0-0: Swinging Strike
0-1: Ball
1-1: SINGLE (Groundball, 56D, EV 97.5 MPH)
William Cole to second
Batting: RHB Steven Murray 0-0: Ball
1-0: SINGLE (Groundball, 4M, EV 103.8 MPH) (infield hit)
William Cole to third
Dick C Schofield to second
Batting: LHB Dan Murphy 0-0: Called Strike
0-1: Ball
1-1: Ball
2-1: GRAND SLAM HOME RUN (Flyball, 7D, EV 90.6 MPH), Distance : 381 ft
Pitching: RHP Donald Brazell
Batting: RHB Darrell Miller 0-0: Called Strike
0-1: Ball
1-1: Called Strike
1-2: Ball
2-2: Foul Ball, location: 2F
2-2: Foul Ball, location: 2F
2-2: Strikes out swinging
Batting: LHB Jerry Littmann 0-0: Ball
1-0: Ball
2-0: Swinging Strike
2-1: Ball
3-1: Swinging Strike
3-2: Strikes out looking
Batting: LHB Mike Cole 0-0: Foul Ball, location: 2F
0-1: Ball
1-1: Ball
2-1: Swinging Strike
2-2: Foul Ball, location: 2F
2-2: Foul Ball, location: 2F
2-2: Foul Ball, location: 2F
2-2: Fly out, F8 (Line Drive, 8RD, EV 96.9 MPH)
Top of the 6th over - 4 runs, 4 hits, 0 errors, 0 left on base; El Paso 6 - Arkansas 1
BOTTOM OF THE 6TH
Arkansas Travelers batting - Pitching for El Paso Chihuahuas : LHP Danny Arizola
Batting: LHB Mike Pagliarulo 0-0: Ball
1-0: SINGLE (Groundball, 34D, EV 99.4 MPH)
Batting: RHB Ronald Grout 0-0: Ball
Wild Pitch!
Mike Pagliarulo to second
1-0: Ball
2-0: Ball
3-0: Base on Balls
Batting: SHB Luis Quinones 0-0: Fly out, F9 (Flyball, 9, EV 97.5 MPH)
Batting: RHB Jeff Pyburn 0-0: Called Strike
0-1: Ball
1-1: Swinging Strike
1-2: Strikes out swinging
Batting: RHB Rob Deer 0-0: Swinging Strike
0-1: Ball
1-1: Foul Ball, location: 2F
1-2: Strikes out swinging
Bottom of the 6th over - 0 runs, 1 hit, 0 errors, 2 left on base; El Paso 6 - Arkansas 1
TOP OF THE 7TH
El Paso Chihuahuas batting - Pitching for Arkansas Travelers : RHP Donald Brazell
Batting: LHB Andy Van Slyke 0-0: Called Strike
0-1: Foul Ball, location: 2F
0-2: Fly out, F7 (Flyball, 7D, EV 100.6 MPH)
Batting: RHB Jesse Vann 0-0: Foul Ball, location: 2F
0-1: Foul Ball, location: 2F
0-2: Ball
1-2: Ball
2-2: Foul Ball, location: 2F
2-2: SOLO HOME RUN (Flyball, 9D, EV 100.0 MPH), Distance : 383 ft
Batting: RHB William Cole 0-0: Called Strike
0-1: Ball
1-1: Ground out 6-3 (Groundball, 6, EV 110.0 MPH)
Batting: RHB Dick C Schofield 0-0: Ball
1-0: Foul Ball, location: 2F
1-1: Ball
2-1: Ball
3-1: Base on Balls
Batting: RHB Steven Murray 0-0: Foul Ball, location: 2F
0-1: Ball
1-1: Fly out, F7 (Line Drive, 7, EV 95.6 MPH)
Top of the 7th over - 1 run, 1 hit, 0 errors, 1 left on base; El Paso 7 - Arkansas 1
BOTTOM OF THE 7TH
Arkansas Travelers batting - Pitching for El Paso Chihuahuas : LHP Danny Arizola
Batting: RHB Dave Van Gorder 0-0: Called Strike
0-1: Ball
1-1: SOLO HOME RUN (Flyball, 7D, EV 96.3 MPH), Distance : 371 ft
Batting: RHB Dennis Seats 0-0: Ground out 5-3 (Groundball, 56, EV 88.8 MPH)
Batting: RHB Greg Gagne 0-0: Ball
1-0: Foul Ball, location: 2F
1-1: Called Strike
1-2: Foul Ball, location: 2F
1-2: Foul Ball, location: 2F
1-2: Ball
2-2: Foul Ball, location: 2F
2-2: Foul Ball, location: 2F
2-2: SINGLE (Groundball, 56D, EV 102.5 MPH)
Batting: LHB Randy Braun 0-0: Ball
1-0: Ball
2-0: Called Strike
2-1: Foul Ball, location: 2F
2-2: Foul Ball, location: 2F
2-2: Grounds into double play, 6-4-3 (Groundball, 6, EV 103.1 MPH)
Bottom of the 7th over - 1 run, 2 hits, 0 errors, 0 left on base; El Paso 7 - Arkansas 2
TOP OF THE 8TH
El Paso Chihuahuas batting - Pitching for Arkansas Travelers : RHP Donald Brazell
Batting: LHB Dan Murphy 0-0: Ball
1-0: Swinging Strike
1-1: Foul Ball, location: 2F
1-2: Fly out, F4 (Line Drive, 4, EV 66.3 MPH)
Batting: RHB Darrell Miller 0-0: Called Strike
0-1: SINGLE (Line Drive, 89S, EV 86.9 MPH)
Batting: LHB Jerry Littmann 0-0: Ball
1-0: Called Strike
1-1: Called Strike
1-2: Ball
2-2: Ball
3-2: Foul Ball, location: 2F
3-2: Strikes out swinging
Pitching: LHP Jeff Schneider
Batting: LHB Mike Cole 0-0: Foul Ball, location: 2F
0-1: Ball
1-1: Foul Ball, location: 2F
1-2: Ball
2-2: Ball
3-2: Ground out 6-3 (Groundball, 6S, EV 68.1 MPH)
Top of the 8th over - 0 runs, 1 hit, 0 errors, 1 left on base; El Paso 7 - Arkansas 2
BOTTOM OF THE 8TH
Arkansas Travelers batting - Pitching for El Paso Chihuahuas : LHP Danny Arizola
Batting: LHB Mike Pagliarulo 0-0: Called Strike
0-1: Ball
1-1: Called Strike
1-2: Ball
2-2: Strikes out looking
Batting: RHB Ronald Grout 0-0: Ball
1-0: Ball
2-0: DOUBLE (Line Drive, 89XD, EV 103.1 MPH) - OUT at third base trying to stretch hit.
Batting: SHB Luis Quinones 0-0: Foul Ball, location: 2F
0-1: Fly out, F6 (Popup, 6MS, EV 77.5 MPH)
Bottom of the 8th over - 0 runs, 1 hit, 0 errors, 0 left on base; El Paso 7 - Arkansas 2
TOP OF THE 9TH
El Paso Chihuahuas batting - Pitching for Arkansas Travelers : LHP Jeff Schneider
Batting: LHB Andy Van Slyke 0-0: DOUBLE (Groundball, 5L, EV 103.1 MPH)
Batting: RHB Jesse Vann 0-0: Called Strike
0-1: Ball
1-1: Called Strike
1-2: Ball
2-2: SINGLE (Flyball, 3D, EV 93.1 MPH)
Andy Van Slyke to third
Batting: RHB William Cole 0-0: Called Strike
Jesse Vann steals 2nd base
0-1: Ball
1-1: Ground out 5-3 (Groundball, 56, EV 86.3 MPH)
Andy Van Slyke scores
Batting: RHB Dick C Schofield 0-0: Called Strike
0-1: Ball
1-1: Ball
2-1: Swinging Strike
2-2: Fly out, F7 (Flyball, 78M, EV 90.0 MPH)
Batting: RHB Steven Murray 0-0: Ball
1-0: Ball
2-0: Called Strike
2-1: Called Strike
2-2: Ground out 4-3 (Groundball, 4, EV 82.5 MPH)
Top of the 9th over - 1 run, 2 hits, 0 errors, 1 left on base; El Paso 8 - Arkansas 2
BOTTOM OF THE 9TH
Arkansas Travelers batting - Pitching for El Paso Chihuahuas : LHP Danny Arizola
Batting: RHB Jeff Pyburn 0-0: Ball
1-0: Ball
2-0: Ball
3-0: Base on Balls
Batting: RHB Rob Deer 0-0: Called Strike
0-1: SINGLE (Line Drive, 6D, EV 111.9 MPH)
Jeff Pyburn to second
Batting: RHB Dave Van Gorder 0-0: SINGLE (Groundball, 6MD, EV 99.4 MPH)
Jeff Pyburn to third
Rob Deer to second
Batting: RHB Dennis Seats 0-0: Called Strike
0-1: Foul Ball, location: 2F
0-2: Strikes out swinging
Batting: RHB Greg Gagne 0-0: Ball
1-0: Ball
2-0: SINGLE (Groundball, 6D, EV 94.4 MPH)
Jeff Pyburn scores
Rob Deer to third
Dave Van Gorder to second
Batting: LHB Randy Braun 0-0: Ball
1-0: Foul Ball, location: 2F
1-1: Fly out, F7 (Flyball, 7LS, EV 96.9 MPH)
Batting: LHB Mike Pagliarulo 0-0: Ball
1-0: Called Strike
1-1: GRAND SLAM HOME RUN (Flyball, 89XD, EV 105.0 MPH), Distance : 443 ft
Pitching: LHP Gary Grunsky
Batting: RHB Ronald Grout 0-0: Called Strike
0-1: Ground out 6-3 (Groundball, 6, EV 108.8 MPH)
Bottom of the 9th over - 5 runs, 4 hits, 0 errors, 0 left on base; El Paso 8 - Arkansas 7
Sunday, June 21st, 2020 - OOTP Baseball 21.4 Build 63